 Dungeon Crawl Stone Soup version 0.31-a0-210-gccc998df9b (webtiles) character file.

Game seed: 4830654866943229714

119 qw the Shooter (level 4, -3/37 HPs)
             Began as a Minotaur Hexslinger on June 30, 2023.
             Slain by a gnoll
             ... wielding a +0 flail
             ... led by a gnoll sergeant
              (4 damage)
             ... on level 4 of the Dungeon.
             The game lasted 00:00:53 (2706 turns).

qw the Shooter (Minotaur Hexslinger)                Turns: 2706, Time: 00:00:53

Health: -3/37      AC:  5    Str: 13    XL:     4   Next: 73%
Magic:  4/4        EV: 11    Int: 10    God:
Gold:   104        SH:  0    Dex: 20    Spells: 4/5 levels left

rFire   . . .        Y - +1 sling
rCold   . . .        (no shield)
rNeg    . . .        g - +0 ring mail
rPois   .            (helmet restricted)
rElec   .            (no cloak)
rCorr   .            (no gloves)
SInv    +            (no boots)
Will    .....        (no amulet)
Stlth   +            d - +6 ring of dexterity
HPRegen 0.26/turn    b - ring of see invisible
MPRegen 0.09/turn

%: no passive effects
@: no status effects
A: horns 2, retaliatory headbutt
a: no special abilities


You were on level 4 of the Dungeon.
You visited 1 branch of the dungeon, and saw 4 of its levels.

You collected 104 gold pieces.


Innate Abilities, Weirdness & Mutations

You have a pair of horns on your head.
You reflexively headbutt those who attack you in melee.


   Skills:
 + Level 2.4 Fighting
 - Level 5.0 Ranged Weapons
 - Level 1.0 Armour
 - Level 2.1 Dodging
 - Level 1.0 Spellcasting
 - Level 2.0 Hexes


You had 4 spell levels left.
You knew the following spells:

 Your Spells              Type           Power      Damage    Failure   Level
a - Slow                  Hex            16%        N/A       32%         1

Your spell library contained the following spells:

 Spells                   Type           Power      Damage    Failure   Level
 Inner Flame              Hex/Fire       2%         N/A       82%         3
 Portal Projectile        Hex/Tloc       4%         N/A       82%         3
 Cause Fear               Hex            2%         N/A       97%         4

Inventory:

Hand Weapons
 Y - a +1 sling (weapon)
Armour
 g - a +0 ring mail (worn)
Jewellery
 b - a ring of see invisible (right hand)
 d - a +6 ring of dexterity (left hand)
Scrolls
 f - a scroll of identify
Potions
 c - a potion of brilliance {unknown}
 e - a potion of curing

Dungeon Overview and Level Annotations

Branches:
Dungeon (4/15)
 Temple: D:4-7

Altars:
Nemelex Xobeh

Portals:
Abyss: D:3

Annotations:
D:3 2 transporters, qw's ghost, amateur MiHs


Message History

The gnoll is severely wounded.
You shoot a sling bullet. The sling bullet hits the gnoll.
The gnoll is almost dead.
The gnoll hits you from afar with a +0 spear.
A gnoll sergeant comes into view.
It is wielding a +1 heavy spear and wearing a +0 scale mail of willpower.
You shoot a sling bullet. The gnoll sergeant shouts!
The sling bullet hits the gnoll.
You kill the gnoll!
You hear a shout!
A gnoll comes into view. It is wielding a +0 club.
The gnoll barely misses you. You furiously retaliate!
You headbutt the gnoll. You shoot a sling bullet. The gnoll shouts!
The sling bullet hits the gnoll.
The gnoll is moderately wounded.
You hear a shout!
The gnoll closely misses you. You furiously retaliate!
You headbutt the gnoll.
A gnoll comes into view. It is wielding a +0 whip.
You shoot a sling bullet.
The sling bullet completely misses the gnoll.
The gnoll barely misses you.
You shoot a sling bullet.
The sling bullet closely misses the gnoll.
The gnoll hits you with a +0 flail.
You shoot a sling bullet. The sling bullet hits the gnoll.
The gnoll is severely wounded.
The gnoll sergeant hits you from afar with a +1 heavy spear!
The gnoll hits you with a +0 flail.
You shoot a sling bullet.
The sling bullet closely misses the gnoll.
The gnoll sergeant misses you. The gnoll hits you with a +0 flail.
You shoot a sling bullet.
The sling bullet closely misses the gnoll.
The gnoll hits you with a +0 flail. The gnoll barely misses you.
The gnoll sergeant misses you.
You shoot a sling bullet. The sling bullet hits the gnoll.
The gnoll is almost dead.
The gnoll hits you with a +0 flail.
You die...

#....###.......#
#.....#.........#
...........?....##
#................#
#................
#...)....g.)...?.
#....%..gg......
###.......@g......
..#.................
....................
..#.#.<............
# ##.##..........
####.#.....###
####..### ###


You could see a gnoll sergeant and 3 gnolls.

Vanquished Creatures
  An orc wizard (D:3)
  An adder (D:4)
  A gnoll (D:4)
  2 worms (D:2)
  2 dart slugs (D:1)
  4 orcs (D:3)
  6 endoplasms
  2 giant cockroaches
  5 goblins
  5 hobgoblins
  7 jackals (D:1)
  2 kobolds (D:1)
  A quokka (D:2)
  5 ball pythons
  2 bats
  7 frilled lizards
  7 rats
60 creatures vanquished.

Notes
Turn   | Place    | Note
-------+----------+-------------------------------------------
     0 | D:1      | qw the Minotaur Hexslinger began the quest for the Orb.
     0 | D:1      | Reached XP level 1. HP: 16/16 MP: 1/1
     0 | D:1      | 0 ||| qw: Version: 0.3-a-26-gee661ec
     0 | D:1      | 0 ||| qw: Game counter: 7223
     0 | D:1      | 0 ||| qw: Melee chars always use a shield: true
     0 | D:1      | 0 ||| qw: God list: Okawaru
     0 | D:1      | 0 ||| qw: Allow faded altars: false
     0 | D:1      | 0 ||| qw: Do Orc after clearing Dungeon:15 true
     0 | D:1      | 0 ||| qw: Do second Lair branch before Depths: true
     0 | D:1      | 0 ||| qw: Lair rune preference: random
     0 | D:1      | 0 ||| qw: Goals: Normal
     0 | D:1      | 0 ||| PLANNING D:1-11
   165 | D:1      | Reached skill level 3 in Ranged Weapons
   170 | D:1      | Reached XP level 2. HP: 21/23 MP: 2/2
   425 | D:1      | HP: 6/24 [jackal (3)]
   427 | D:1      | Reached XP level 3. HP: 7/29 MP: 3/3
   903 | D:1      | 903 ||| UPGRADING to +6 ring of dexterity.
   904 | D:1      | 904 ||| READING scroll labelled FONKATAKHUU.
   905 | D:1      | 905 ||| DROPPING scroll of poison.
   989 | D:2      | Found a faded altar of an unknown god.
  1144 | D:2      | Reached skill level 4 in Ranged Weapons
  1810 | D:2      | 1810 ||| DROPPING scarf of invisibility.
  1811 | D:2      | 1811 ||| UPGRADING to +0 ring mail.
  1821 | D:2      | 1821 ||| DROPPING +0 robe.
  1822 | D:2      | 1822 ||| READING 3 scrolls of identify.
  1822 | D:2      | 1822 ||| IDENTIFYING yellow potion
  1823 | D:2      | 1823 ||| READING 2 scrolls of identify.
  1823 | D:2      | 1823 ||| IDENTIFYING inky potion
  1824 | D:2      | 1824 ||| DROPPING potion of attraction.
  1925 | D:3      | Noticed a small abomination
  1936 | D:3      | Found a one-way gate to the infinite horrors of the Abyss.
  1936 | D:3      | Noticed qw's ghost (amateur MiHs)
  1938 | D:3      | Noticed a small abomination
  2003 | D:3      | Found a transporter.
  2005 | D:3      | Found a transporter.
  2122 | D:3      | Reached skill level 1 in Armour
  2229 | D:3      | Reached XP level 4. HP: 36/36 MP: 4/4
  2626 | D:3      | Found a sparkling altar of Nemelex Xobeh.
  2660 | D:3      | 2660 ||| UPGRADING to ring of see invisible.
  2661 | D:3      | 2661 ||| READING 2 scrolls of identify.
  2661 | D:3      | 2661 ||| IDENTIFYING lumpy purple potion
  2662 | D:3      | 2662 ||| DROPPING potion of degeneration.
  2689 | D:4      | Reached skill level 5 in Ranged Weapons
  2698 | D:4      | Noticed a gnoll sergeant
  2704 | D:4      | HP: 5/37 [gnoll/+0 flail[a gnoll sergeant] (5)]
  2705 | D:4      | HP: 1/37 [gnoll/+0 flail[a gnoll sergeant] (5)]
  2706 | D:4      | Slain by a gnoll

Levels and vault maps discovered:
D:1:      enne_arrival_octagon_isle, layout_loops_ring,
          chequers_serial_rivers_micro_c, st_stairs_10
D:2:      layout_loops_corners, hellmonk_ecumenical_altar_blasted
D:3:      layout_loops_ring, nemelex_spade_bored_becter,
          gammafunk_ghost_abyssal_escape, minmay_strange_pillars,
          serial_bayou_pond_c
D:4:      layout_cave_pools, kennysheep_mini, guppyfry_early_orc_mine,
          uniq_crazy_yiuf_cottage

Skill      XL: |  1  2  3  4 |
---------------+-------------+-----
Ranged Weapons | 3 4 5 |  5.0
Fighting       | 2 |  2.4
Armour         | 1 |  1.0
Dodging        | |  2.1
Spellcasting   | |  1.0
Hexes          | |  2.0

Action                     |  1- 3 |  4- 6 || total
---------------------------+-------+-------++-------
   Fire: Sling             |   178 |    34 ||   212
    Use: Scroll            |     3 |     1 ||     4
 Armour: Robe              |    11 |       ||    11
         Ring mail         |     1 |     2 ||     3
  Dodge: Dodged            |    61 |     9 ||    70

Table legend:
 A = Non-vault XP
 B = Vault XP
 C = Vault XP percentage of total XP
 D = Non-vault monster count
 E = Vault monster count
 F = Vault count percentage of total count
                 A         B        C        D         E       F
            +---------+---------+-------+---------+---------+-------
      Total |     166 |       4 |   2.4 |      57 |       3 |   5.0
            +---------+---------+-------+---------+---------+-------
        D:1 |      49 |       4 |   7.5 |      28 |       3 |   9.7
        D:2 |      26 |       0 |   0.0 |      13 |       0 |   0.0
        D:3 |      61 |       0 |   0.0 |      13 |       0 |   0.0
        D:4 |      30 |       0 |   0.0 |       3 |       0 |   0.0
            +---------+---------+-------+---------+---------+-------
